Map: Acolyte LE

Players

Dubel - Winner!

  • Race: Terran Terran
  • League: Diamond
  • Spawn Location: 7:00

Franglais

  • Race: Terran Terran
  • League: Diamond
  • Spawn Location: 1:00

VOD

Have the link to the VOD?

Description

Time

  • Played on: Sept. 13, 2017, 7:48 p.m.
  • Length: 20:27
Show
View Real Time Build Order
Export as new Build Order

Dubel Terran - Winner!

Build Orders: MMM Bio 

Get SALT Encoding   

  12  0:02  SCV  
  13  0:14  SCV  
  13  0:19  Supply Depot  
  14  0:26  SCV  
  15  0:40  SCV  
  15  0:41  Barracks  
  16  0:46  Refinery  
  16  0:52  SCV  
  17  1:05  SCV  
  17  1:09  Barracks  
  18  1:17  SCV  
  19  1:28  Reaper  
  19  1:29  Orbital Command  
  20  1:37  Supply Depot  
  20  1:43  Refinery  
  19  1:55  SCV  
  19  1:58  Reaper  
  21  2:07  SCV  
  21  2:08  Reaper  
  23  2:20  SCV  
  24  2:32  SCV  
  24  2:35  Command Center  
  25  2:38  Reaper  
  25  2:43  Reaper  
  27  2:56  SCV  
  27  3:04  Factory  
  27  3:08  SCV  
  27  3:10  Reaper  
  29  3:21  SCV, Reaper  
  31  3:27  Supply Depot  
  31  3:40  Command Center  
  31  3:47  SCV  
  32  3:49  Starport  
  32  4:00  Cyclone, Barracks Tech Lab  
  35  4:04  Orbital Command  
  35  4:05  SCV  
  36  4:15  Supply Depot  
  36  4:17  SCV  
  36  4:20  Stimpack  
  37  4:29  SCV  
  36  4:43  SCV  
  36  4:44  Reaper  
  36  4:58  SCV  
  36  5:01  SCV  
  36  5:04  Engineering Bay, Viking  
  36  5:05  Cyclone  
  41  5:07  Orbital Command  
  41  5:14  SCV  
  42  5:15  Refinery  
  42  5:16  Reaper  
  42  5:17  Refinery  
  43  5:22  SCV  
  43  5:24  Engineering Bay x2  
  43  5:26  SCV  
  45  5:34  SCV x2  
  45  5:35  Missile Turret  
  47  5:39  Terran Infantry Weapons Level 1  
  47  5:41  SCV  
  48  5:44  Starport Tech Lab  
  48  5:46  SCV  
  48  5:48  Marine  
  50  5:54  SCV x2  
  52  5:59  Supply Depot  
  52  6:02  Terran Infantry Armor Level 1  
  52  6:05  Marine  
  52  6:07  Factory Tech Lab, Raven  
  52  6:08  SCV  
  52  6:09  Orbital Command  
  56  6:15  SCV  
  57  6:18  Barracks x2  
  57  6:20  Combat Shields  
  57  6:25  Supply Depot, Armory  
  57  6:26  Marine  
  58  6:34  SCV  
  58  6:35  SCV x2  
  61  6:43  Marine  
  61  6:46  SCV  
  63  6:48  Barracks x2  
  63  6:49  SCV, Barracks  
  64  6:54  Sensor Tower  
  64  6:58  Siege Tank  
  67  7:01  Marine  
  67  7:04  Starport Reactor  
  67  7:05  Barracks Reactor  
  67  7:06  Factory, Barracks Reactor  
  68  7:15  SCV  
  69  7:19  SCV, Marine  
  69  7:21  SCV  
  70  7:27  SCV, Supply Depot  
  70  7:29  Supply Depot  
  70  7:35  Siege Tank  
  70  7:36  Barracks Reactor  
  70  7:37  Barracks Reactor, Marine  
  72  7:38  Barracks Reactor  
  73  7:44  Marine x3  
  76  7:52  Refinery  
  76  7:53  Refinery  
  76  7:55  Marine  
  76  7:56  Siege Tank  
  80  7:58  SCV  
  80  8:00  SCV  
  80  8:02  Marine x2  
  80  8:03  Marine x2  
  86  8:08  Supply Depot  
  86  8:10  Supply Depot  
  88  8:12  Marine  
  88  8:14  Marine x4  
  88  8:15  Widow Mine  
  93  8:20  Marine  
  93  8:21  Terran Infantry Weapons Level 2  
  93  8:24  Terran Infantry Armor Level 2  
  93  8:25  Marine x2  
  96  8:30  Marine  
  96  8:31  Marine x3  
  96  8:32  Marine  
  96  8:33  SCV  
  102  8:54  Marine x5  
  102  8:55  Marauder, Marine x5  
  112  8:56  Siege Tank  
  117  9:11  Marine  
  117  9:12  Refinery, Marine x4  
  117  9:13  SCV  
  117  9:14  Marine x2  
  124  9:17  Marauder  
  124  9:20  Marine  
  114  9:25  Marine x2  
  114  9:29  Marine x3  
  114  9:30  Marine  
  91  9:32  Marine  
  91  9:35  Marine x2  
  82  9:38  Marauder, Marine  
  82  9:39  SCV x2  
  82  9:43  Marine x2  
  86  9:47  Marine x3  
  86  9:57  Marine x5  
  93  10:00  Marauder  
  93  10:01  Marine  
  93  10:03  Refinery  
  94  10:10  Marine  
  94  10:13  Terran Vehicle Weapons Level 1  
  95  10:15  Command Center  
  95  10:21  Marauder  
  97  10:30  Marine x2  
  97  10:31  Marine x8  
  107  10:42  Siege Tank, Marauder  
  112  10:43  SCV  
  112  10:48  Marine x3  
  112  10:49  Marine x6  
  122  10:50  Terran Infantry Weapons Level 3  
  122  10:53  Terran Infantry Armor Level 3  
  122  10:56  Marine  
  123  11:03  Marine  
  124  11:06  Marine  
  125  11:15  Supply Depot  
  125  11:16  Supply Depot  
  125  11:17  Siege Tank, Marine x5  
  133  11:18  Supply Depot  
  133  11:25  Marine  
  133  11:31  Marine x3  
  136  11:33  Planetary Fortress  
  136  11:34  SCV  
  137  11:41  SCV  
  137  11:44  SCV  
  137  11:47  SCV, Marine x4  
  139  11:48  Marine x4  
  139  11:49  Marine x3  
  139  11:52  Siege Tank  
  139  11:54  SCV  
  153  12:00  SCV x2  
  155  12:05  Marine x3  
  155  12:07  Medivac x2, Marine  
  155  12:08  Marine  
  162  12:10  Marine x2  
  165  12:16  Marine  
  166  12:25  Marine x3  
  166  12:26  Marine  
  166  12:28  Concussive Shells  
  170  12:36  Marauder  
  172  12:42  Starport, Terran Vehicle Weapons Level 2  
  172  12:44  Starport  
  172  12:51  Supply Depot  
  172  12:52  Supply Depot  
  172  12:55  Supply Depot  
  172  13:12  Marine x3  
  172  13:13  Siege Tank, Medivac, Marine x3  
  172  13:14  Siege Tank, Marine  
  172  13:17  Marine x3  
  172  13:18  Marine  
  186  13:21  Medivac  
  188  13:30  Marine x3  
  188  13:31  Marine x3  
  188  13:32  Marine  
  195  13:35  Marine  
  195  13:40  Marine  
  196  13:45  Starport Reactor, Starport Tech Lab  
  196  13:48  Fusion Core  
  196  13:50  Refinery x2  
  196  13:57  Command Center  
  196  14:01  Marine  
  196  14:03  Marine  
  196  14:12  Marine  
  196  14:19  Command Center  
  196  14:20  Command Center  
  196  14:24  Medivac x2  
  200  14:31  Marine  
  200  14:41  Marine x3  
  200  14:42  Marine x3  
  200  14:49  Siege Tank  
  200  14:51  Marine  
  200  15:10  Orbital Command  
  200  15:15  Factory  
  200  15:16  Factory  
  200  15:29  Command Center  
  200  15:41  Command Center  
  200  15:54  Orbital Command x2  
  200  15:56  Building Armor  
  200  15:57  Terran Vehicle Weapons Level 3  
  200  16:04  Factory Tech Lab x2  
  192  16:30  Sensor Tower  
  182  16:33  Sensor Tower x2  
  134  16:48  Liberator  
  122  16:56  Marine x2  
  122  16:57  Marauder, Marine x2  
  122  16:59  Marine  
  122  17:00  Marine x2  
  122  17:01  Sensor Tower  
  131  17:02  Marine  
  131  17:03  Marine  
  131  17:04  Marine  
  131  17:06  Viking x4  
  140  17:10  Planetary Fortress  
  140  17:12  Sensor Tower  
  140  17:14  Marine x2  
  140  17:18  Marauder  
  140  17:22  Marine x2  
  139  17:31  Marine x6  
  139  17:32  Marine x2  
  139  17:33  Siege Tank x4  
  139  17:36  Viking x4  
  165  17:40  Marauder, Marine x2  
  169  17:48  Viking, Marine  
  169  17:49  Marine x6  
  169  17:50  Starport, Marine  
  177  17:52  Starport, Armory  
  177  17:56  Starport  
  177  17:57  Marine  
  177  17:58  Liberator x4, Marine  
  178  18:01  Marauder  
  178  18:05  Siege Tank x2  
  186  18:06  Marine  
  181  18:13  Siege Tank x2  
  181  18:16  SCV  
  200  18:30  Planetary Fortress  
  200  18:37  Command Center  
  200  18:44  Command Center  
  200  19:03  Orbital Command  
  200  19:14  Starport Tech Lab x3  
  200  19:15  Starport  
  200  19:16  Starport  
  200  19:19  Fusion Core  
Show
View Real Time Build Order
Export as new Build Order

Franglais Terran 

Build Orders: 1/1/1, Cyclone Opening, MMM Bio 

Get SALT Encoding   

  12  0:00  SCV  
  13  0:13  SCV  
  14  0:17  Supply Depot  
  14  0:25  SCV  
  15  0:28  Refinery  
  15  0:39  SCV  
  16  0:46  Barracks  
  16  0:51  SCV  
  17  1:03  SCV  
  18  1:15  SCV  
  19  1:27  SCV  
  20  1:33  Factory, Marine  
  20  1:37  Supply Depot  
  21  1:40  Orbital Command  
  21  1:51  Refinery, Marine  
  22  2:08  SCV  
  22  2:11  Marine  
  23  2:17  Starport  
  23  2:21  SCV  
  26  2:26  Supply Depot  
  26  2:27  Widow Mine  
  26  2:29  Marine  
  27  2:33  SCV  
  28  2:45  SCV  
  28  2:56  Cyclone, Marine  
  28  2:57  Starport Tech Lab  
  32  2:59  SCV  
  33  3:11  SCV  
  34  3:16  Raven  
  36  3:21  Marine  
  37  3:27  Command Center  
  37  3:29  SCV  
  38  3:35  Supply Depot  
  38  3:41  SCV  
  39  3:54  Factory Tech Lab, Barracks Tech Lab  
  39  3:56  SCV  
  39  3:59  Supply Depot  
  39  4:00  Viking  
  42  4:08  SCV  
  43  4:12  Marine  
  43  4:13  Stimpack  
  44  4:19  Siege Tank  
  44  4:20  SCV  
  48  4:30  Marine  
  38  4:47  Marine  
  38  4:49  Orbital Command  
  37  4:54  SCV  
  38  5:00  Siege Tank  
  38  5:04  Barracks  
  38  5:05  Barracks, Marine  
  38  5:06  SCV  
  38  5:07  Starport Reactor  
  43  5:18  SCV x2  
  45  5:24  Marine  
  46  5:30  SCV x2  
  46  5:32  Refinery  
  46  5:33  Supply Depot  
  46  5:34  Refinery  
  48  5:42  SCV x2  
  50  5:43  Engineering Bay  
  50  5:44  Medivac x2  
  54  5:54  SCV x2  
  54  5:56  Barracks Reactor  
  56  6:04  Supply Depot, Marine  
  56  6:06  Siege Tank, SCV x2  
  56  6:09  Marine  
  63  6:12  Terran Infantry Weapons Level 1  
  64  6:18  SCV  
  64  6:19  Combat Shields  
  64  6:21  SCV  
  64  6:22  Marine  
  66  6:26  Concussive Shells  
  66  6:30  SCV  
  66  6:32  Marine  
  68  6:33  SCV, Marauder  
  68  6:34  Marine  
  68  6:38  Supply Depot  
  71  6:42  SCV  
  71  6:45  Marine  
  73  6:47  Missile Turret  
  73  6:49  SCV, Marine  
  73  6:51  Medivac x2, Marine  
  80  6:54  SCV  
  80  6:55  Marine  
  83  7:01  SCV  
  83  7:02  Marine  
  83  7:06  SCV, Supply Depot  
  85  7:09  Siege Tank  
  85  7:12  Supply Depot  
  83  7:20  SCV x2  
  83  7:22  Marine x4  
  87  7:24  Sensor Tower  
  88  7:32  SCV x2  
  88  7:33  Medivac x2  
  91  7:40  Marine x2  
  93  7:48  Marauder  
  93  7:49  Marauder  
  93  7:50  Command Center  
  97  7:53  Supply Depot  
  97  7:54  SCV x2  
  97  7:57  Marine  
  100  8:03  Marine  
  101  8:09  Marine  
  101  8:11  Viking x2  
  106  8:13  Marine  
  106  8:14  Siege Tank  
  106  8:15  Terran Infantry Armor Level 1, Marine  
  111  8:20  SCV x2  
  112  8:30  Marauder  
  112  8:32  SCV  
  115  8:41  Marine  
  115  8:42  Marine x2  
  115  8:46  Supply Depot  
  115  8:47  Supply Depot  
  118  8:48  Viking x2  
  122  9:02  Marine x3  
  123  9:03  Marine  
  123  9:05  Orbital Command  
  126  9:11  SCV x2  
  126  9:12  Armory  
  126  9:13  Engineering Bay  
  126  9:16  Refinery  
  128  9:17  Refinery  
  128  9:21  Marauder  
  128  9:27  Marine x2  
  128  9:29  Marine  
  105  9:37  Barracks x2  
  98  9:42  Marine  
  98  9:45  Marine x2  
  97  9:51  Marine  
  95  9:59  Terran Infantry Weapons Level 2, Supply Depot, Marine  
  93  10:02  Marine  
  93  10:03  Marine  
  96  10:07  SCV x3  
  96  10:08  Factory  
  96  10:09  Marine  
  100  10:16  Siege Tank  
  100  10:17  Marine  
  100  10:19  Command Center  
  100  10:20  Marine  
  105  10:31  Barracks Reactor  
  105  10:32  Barracks Reactor, Marine x2  
  105  10:33  Medivac x2  
  105  10:34  Terran Infantry Armor Level 2  
  105  10:35  Marine  
  111  10:37  Terran Vehicle Weapons Level 1  
  111  10:38  SCV x3  
  115  10:49  Marine  
  116  10:50  SCV x2, Marauder, Marine  
  121  10:59  Marine  
  121  11:00  Factory Tech Lab  
  121  11:02  Supply Depot  
  122  11:06  Marine  
  122  11:07  Marine  
  124  11:11  Marine  
  124  11:17  Marauder, Marine x3  
  130  11:18  Marine  
  130  11:20  Siege Tank x2  
  130  11:24  Marine  
  138  11:25  Marine  
  138  11:28  Barracks  
  138  11:29  Barracks x2, Marine  
  138  11:46  Marine x4  
  142  11:51  Command Center  
  142  11:52  Medivac x2  
  146  12:01  Planetary Fortress  
  146  12:02  Marauder, Marine x2  
  146  12:03  Marauder  
  146  12:05  Marine x2  
  146  12:06  Marine x2  
  156  12:18  Refinery  
  156  12:19  Refinery, Barracks Reactor x3, Marine  
  156  12:20  Marine  
  157  12:23  Marine  
  157  12:24  Terran Infantry Weapons Level 3, Marine x2  
  157  12:25  Medivac x2, Marine  
  157  12:26  Siege Tank x2  
  171  12:34  Marine x2  
  173  12:37  Marine  
  174  12:53  Sensor Tower, SCV  
  174  12:54  SCV  
  174  12:55  Missile Turret x2  
  175  13:08  Marine  
  164  13:19  Marine x5  
  168  13:20  Marauder x2  
  168  13:24  Marine x2  
  168  13:26  Siege Tank x2, Terran Vehicle Weapons Level 2  
  180  13:34  Marine  
  180  13:35  Marine x2  
  180  13:36  Medivac x2  
  180  13:41  Refinery x2  
  187  13:42  Marauder  
  187  13:43  Command Center  
  187  13:45  Marine x5  
  187  13:46  Marauder  
  196  13:51  Starport  
  196  13:52  Terran Infantry Armor Level 3  
  196  13:53  Command Center  
  196  13:56  Fusion Core  
  196  14:01  Marine x5  
  183  14:49  Starport Tech Lab  
  183  14:51  Marine  
  183  14:52  Marine x3  
  167  14:56  Marine x2  
  169  15:01  Liberator x3  
  169  15:05  Command Center  
  169  15:14  Sensor Tower  
  169  15:16  SCV  
  169  15:18  Advanced Ballistics  
  169  15:20  Building Armor  
  179  15:23  Missile Turret  
  179  15:25  Marine  
  179  15:26  Marauder, Marine x2  
  184  15:33  Command Center  
  174  15:38  Marine x3  
  174  15:39  Marauder  
  177  15:43  Liberator, Marine x3  
  177  15:44  Liberator  
  177  15:46  Sensor Tower  
  177  15:48  Planetary Fortress  
  180  15:55  Marine x3  
  189  16:11  Marine x2  
  191  16:24  Marine x2  
  170  16:26  Marine x2  
  170  16:27  Marine  
  161  16:38  Marine x4  
  161  16:39  Marine  
  118  16:40  Marine  
  118  16:41  Marine  
  118  16:45  Marine  
  118  16:46  Marine x2  
  109  16:51  Liberator x3  
  109  16:52  Marine x3  
  110  16:59  Marine x3  
  113  17:04  Marine x3  
  110  17:24  Marine  
  110  17:25  Marine x2  
  110  17:29  Marine x2  
  114  17:44  Liberator x3  
  114  17:54  SCV x3  
  114  17:55  Marine x6  
  123  18:00  Marine x4  
  123  18:02  Siege Tank x2  
  141  18:12  Marine x3  
  129  18:13  Marine x3  
  129  18:14  Marine x2  
  129  18:17  Marine  
  129  18:18  Planetary Fortress  
  135  18:29  Terran Ship Weapons Level 1  
  135  18:31  Marine x7  
  135  18:32  Marine  
  143  18:44  Medivac x3  
  143  18:47  Marine  
  148  18:49  Siege Tank  
  148  18:53  Marine x3  
  154  18:59  Marine x3  
  157  19:17  Viking  
  157  19:18  Viking x2  
  157  19:22  Marine x2  
  160  19:55  Marine x2  
  153  20:01  Marine x2  
  153  20:02  Marine x3  
Tags
 
Add a new tag
Caveats
  • Supply blocks, unpowered buildings, or Contaminate may cause inaccurate times.
  • Supply counts are checked every 10 seconds.